[ PARTIDA AOE2 · #495160908 ]
UnrankedMaya vs Burmese
Equipo del jugador · DERR
Equipo rival · VICT
[ ANÁLISIS DE REPETICIÓN · EXTRAÍDO DE LA PARTIDA GRABADA ]
Feudal
10:31
Castillos
16:59
Imperial
—
| APM promedio | 67.6 |
| APM pico | 159 |
| eAPM promedio | 26.1 |
| Aldeanos / militares | 43 / 26 |
Foco
⚔️ 24.4% · 🌾 75.6%
Plumed Archer ×20 · Monk ×3 · Mangonel ×3
Feudal
9:17
Castillos
20:47
Imperial
—
| APM promedio | 49.5 |
| APM pico | 138 |
| eAPM promedio | 19.5 |
| Aldeanos / militares | 104 / 26 |
Foco
⚔️ 24.7% · 🌾 75.3%
Knight ×15 · Mangonel ×5 · Militia ×4 · Monk ×2
Mapa de la partida
Recursos iniciales + cada clic de construcción. Líneas = muros · curvas = relieve. ◆ oro · ⬟ piedra · ● bayas · ✦ reliquia · ◌ hueco del cierre
Tu base· Abierta — flanco sin cerrar
Base de Enda· Abierta — flanco sin cerrar
Terreno inicial suavizado · ◌ = hueco del cierre detectado · pasá el cursor para detalles
Inputs por minuto
— Perro_Muchachev - - Enda
Build order — Perro_Muchachev
133 acciones detectadas en el replay
| 0:00 | Investigar | Loom |
| 0:02 | Construir | House |
| 0:05 | Construir | House |
| 0:13 | Crear | Villager (Male) |
| 0:14 | Crear | Villager (Male) |
| 0:14 | Crear | Villager (Male) |
| 1:25 | Crear | Villager (Male) |
| 1:25 | Crear | Villager (Male) |
| 2:02 | Crear | Villager (Male) |
| 2:02 | Crear | Villager (Male) |
| 2:07 | Crear | Villager (Male) |
| 2:08 | Crear | Villager (Male) |
| 2:27 | Construir | Lumber Camp |
| 2:45 | Crear | Villager (Male) |
| 3:08 | Crear | Villager (Male) |
| 3:30 | Crear | Villager (Male) |
| 3:44 | Crear | Villager (Male) |
| 3:45 | Crear | Villager (Male) |
| 3:48 | Construir | House |
| 3:59 | Crear | Villager (Male) |
| 3:59 | Crear | Villager (Male) |
| 4:23 | Construir | House |
| 4:31 | Crear | Villager (Male) |
| 4:36 | Crear | Villager (Male) |
| 4:36 | Crear | Villager (Male) |
| 4:52 | Construir | Mill |
| 5:43 | Crear | Villager (Male) |
| 5:55 | Crear | Villager (Male) |
| 6:33 | Construir | Mill |
| 6:40 | Crear | Villager (Male) |
| 6:40 | Crear | Villager (Male) |
| 7:11 | Crear | Villager (Male) |
| 7:37 | Construir | House |
| 7:39 | Construir | Palisade Wall |
| 7:56 | Crear | Villager (Male) |
| 8:08 | Investigar | Feudal Age |
| 8:08 | Investigar | Feudal Age |
| 8:31 | Construir | Mining Camp |
| 9:23 | Construir | Palisade Wall |
| 9:33 | Construir | Palisade Wall |
| 9:35 | Construir | Palisade Wall |
| 10:04 | Construir | Palisade Wall |
| 10:31 | Edad | Edad Feudal |
| 10:33 | Crear | Villager (Male) |
| 10:41 | Construir | Market |
| 10:56 | Crear | Villager (Male) |
| 11:07 | Construir | Watch Tower |
| 12:05 | Construir | Stone Wall |
| 12:09 | Construir | Stone Wall |
| 12:30 | Construir | Stone Wall |
| 12:37 | Construir | Stone Wall |
| 12:40 | Construir | Stone Wall |
| 12:52 | Construir | Palisade Wall |
| 13:14 | Construir | Stone Wall |
| 13:17 | Construir | Stone Wall |
| 13:20 | Construir | Stone Wall |
| 13:40 | Construir | Stone Wall |
| 13:46 | Crear | Villager (Male) |
| 13:47 | Construir | Blacksmith |
| 14:03 | Construir | Watch Tower |
| 14:19 | Investigar | Castle Age |
| 14:19 | Investigar | Castle Age |
| 14:57 | Construir | Stone Wall |
| 15:06 | Construir | Stone Wall |
| 15:41 | Construir | Lumber Camp |
| 16:59 | Edad | Edad de los Castillos |
| 16:59 | Construir | Watch Tower |
| 17:12 | Crear | Villager (Male) |
| 17:36 | Construir | Farm |
| 17:38 | Construir | Farm |
| 17:40 | Construir | Farm |
| 17:43 | Construir | Farm |
| 17:52 | Construir | Farm |
| 18:08 | Construir | House |
| 18:12 | Construir | House |
| 18:58 | Construir | Watch Tower |
| 19:58 | Construir | Castle |
| 20:07 | Crear | Villager (Male) |
| 20:17 | Investigar | Fletching |
| 20:36 | Crear | Villager (Male) |
| 20:44 | Construir | Mining Camp |
| 20:54 | Construir | Farm |
| 20:58 | Crear | Villager (Male) |
| 21:07 | Construir | Farm |
| 21:19 | Crear | Plumed Archer |
| 21:20 | Crear | Plumed Archer |
| 21:20 | Crear | Plumed Archer |
| 22:05 | Crear | Villager (Male) |
| 22:16 | Crear | Villager (Male) |
| 22:31 | Crear | Plumed Archer |
| 22:32 | Crear | Plumed Archer |
| 22:32 | Crear | Plumed Archer |
| 22:42 | Construir | House |
| 22:45 | Construir | House |
| 23:06 | Construir | Mining Camp |
| 23:21 | Crear | Plumed Archer |
| 23:21 | Crear | Plumed Archer |
| 23:25 | Construir | House |
| 23:54 | Construir | Stone Wall |
| 24:17 | Construir | House |
| 24:19 | Construir | House |
| 24:29 | Crear | Villager (Male) |
| 24:29 | Crear | Villager (Male) |
| 25:08 | Crear | Villager (Male) |
| 25:17 | Crear | Villager (Male) |
| 25:32 | Construir | Siege Workshop |
| 25:36 | Crear | Villager (Male) |
| 25:54 | Crear | Villager (Male) |
| 26:01 | Crear | Mangonel |
| 26:01 | Crear | Mangonel |
| 26:37 | Crear | Plumed Archer |
| 26:37 | Crear | Plumed Archer |
| 26:37 | Crear | Plumed Archer |
| 26:43 | Crear | Villager (Male) |
| 27:18 | Construir | Monastery |
| 27:46 | Crear | Monk |
| 28:24 | Crear | Mangonel |
| 28:26 | Crear | Villager (Male) |
| 30:13 | Construir | Town Center |
| 30:31 | Investigar | Bodkin Arrow |
| 31:02 | Crear | Monk |
| 31:02 | Crear | Monk |
| 31:12 | Crear | Plumed Archer |
| 31:12 | Crear | Plumed Archer |
| 32:07 | Crear | Plumed Archer |
| 32:07 | Crear | Plumed Archer |
| 32:08 | Crear | Plumed Archer |
| 32:23 | Construir | Farm |
| 32:26 | Crear | Villager (Male) |
| 32:29 | Crear | Plumed Archer |
| 32:29 | Crear | Plumed Archer |
| 32:29 | Crear | Plumed Archer |
| 32:29 | Crear | Plumed Archer |
Build order — Enda
Primeras 150 de 239 acciones detectadas
| 0:01 | Crear | Villager (Male) |
| 0:01 | Crear | Villager (Male) |
| 0:02 | Crear | Villager (Male) |
| 0:03 | Construir | House |
| 0:04 | Construir | House |
| 0:10 | Crear | Villager (Male) |
| 0:11 | Crear | Villager (Male) |
| 1:38 | Crear | Villager (Male) |
| 1:38 | Crear | Villager (Male) |
| 1:54 | Crear | Villager (Male) |
| 1:55 | Crear | Villager (Male) |
| 2:04 | Construir | Lumber Camp |
| 2:24 | Crear | Villager (Male) |
| 2:24 | Crear | Villager (Male) |
| 2:39 | Crear | Villager (Male) |
| 2:39 | Crear | Villager (Male) |
| 3:03 | Crear | Villager (Male) |
| 3:03 | Crear | Villager (Male) |
| 3:26 | Construir | House |
| 3:30 | Crear | Villager (Male) |
| 3:39 | Crear | Villager (Male) |
| 4:19 | Crear | Villager (Male) |
| 4:19 | Crear | Villager (Male) |
| 4:22 | Construir | Mill |
| 5:15 | Crear | Villager (Male) |
| 5:44 | Crear | Villager (Male) |
| 6:01 | Crear | Villager (Male) |
| 6:16 | Investigar | Loom |
| 6:56 | Investigar | Feudal Age |
| 6:57 | Investigar | Feudal Age |
| 7:00 | Construir | Barracks |
| 7:23 | Construir | House |
| 7:57 | Crear | Militia |
| 7:57 | Crear | Militia |
| 7:59 | Crear | Villager (Male) |
| 8:21 | Construir | Mining Camp |
| 8:39 | Crear | Militia |
| 8:54 | Construir | House |
| 8:59 | Crear | Militia |
| 9:17 | Edad | Edad Feudal |
| 9:24 | Investigar | Man-at-Arms (upgrade) |
| 9:26 | Crear | Villager (Male) |
| 9:31 | Construir | Watch Tower |
| 9:52 | Crear | Villager (Male) |
| 10:23 | Crear | Villager (Male) |
| 10:39 | Construir | Mining Camp |
| 10:54 | Construir | Watch Tower |
| 10:58 | Crear | Villager (Male) |
| 10:59 | Crear | Villager (Male) |
| 11:05 | Construir | Mill |
| 11:17 | Crear | Villager (Male) |
| 11:27 | Construir | Farm |
| 11:50 | Crear | Villager (Male) |
| 11:53 | Construir | House |
| 11:59 | Construir | Farm |
| 12:01 | Construir | Farm |
| 12:06 | Construir | House |
| 12:18 | Construir | Farm |
| 12:29 | Construir | Watch Tower |
| 12:34 | Crear | Villager (Male) |
| 12:37 | Construir | Farm |
| 12:55 | Construir | Watch Tower |
| 13:05 | Crear | Villager (Male) |
| 13:07 | Construir | Farm |
| 13:28 | Crear | Villager (Male) |
| 13:31 | Construir | Farm |
| 13:47 | Crear | Villager (Male) |
| 13:50 | Construir | Farm |
| 14:03 | Construir | House |
| 14:04 | Crear | Villager (Male) |
| 14:06 | Construir | Farm |
| 14:26 | Crear | Villager (Male) |
| 14:27 | Construir | Farm |
| 15:03 | Construir | Watch Tower |
| 15:09 | Crear | Villager (Male) |
| 15:11 | Construir | Farm |
| 15:38 | Crear | Villager (Male) |
| 15:39 | Construir | Farm |
| 15:52 | Construir | House |
| 16:09 | Crear | Villager (Male) |
| 16:10 | Construir | Blacksmith |
| 16:26 | Crear | Villager (Male) |
| 16:51 | Crear | Villager (Male) |
| 17:18 | Construir | Market |
| 17:35 | Crear | Villager (Male) |
| 17:52 | Crear | Villager (Male) |
| 18:07 | Investigar | Castle Age |
| 18:07 | Investigar | Castle Age |
| 18:22 | Construir | Watch Tower |
| 18:36 | Crear | Villager (Male) |
| 18:40 | Construir | Stable |
| 19:06 | Construir | Lumber Camp |
| 19:13 | Construir | Lumber Camp |
| 19:27 | Construir | Mining Camp |
| 19:29 | Crear | Villager (Male) |
| 19:36 | Investigar | Scale Barding Armor |
| 19:43 | Crear | Villager (Male) |
| 19:45 | Construir | Stable |
| 20:17 | Construir | Watch Tower |
| 20:27 | Crear | Villager (Male) |
| 20:47 | Edad | Edad de los Castillos |
| 20:48 | Crear | Knight |
| 20:49 | Crear | Knight |
| 20:52 | Crear | Villager (Male) |
| 20:58 | Crear | Knight |
| 21:00 | Crear | Villager (Male) |
| 21:06 | Construir | Monastery |
| 21:16 | Crear | Villager (Male) |
| 21:23 | Crear | Villager (Male) |
| 21:32 | Crear | Villager (Male) |
| 21:41 | Crear | Villager (Male) |
| 21:43 | Crear | Knight |
| 21:45 | Investigar | Forging |
| 21:48 | Crear | Villager (Male) |
| 21:55 | Crear | Villager (Male) |
| 22:04 | Construir | Siege Workshop |
| 22:18 | Construir | Town Center |
| 22:25 | Crear | Knight |
| 22:30 | Crear | Villager (Male) |
| 22:31 | Construir | House |
| 22:32 | Construir | House |
| 23:18 | Crear | Villager (Male) |
| 23:32 | Crear | Villager (Male) |
| 23:38 | Crear | Monk |
| 24:08 | Crear | Villager (Male) |
| 24:13 | Crear | Mangonel |
| 24:28 | Crear | Villager (Male) |
| 24:28 | Crear | Villager (Male) |
| 24:31 | Crear | Mangonel |
| 24:33 | Crear | Villager (Male) |
| 24:34 | Construir | Farm |
| 24:35 | Construir | Farm |
| 24:35 | Construir | Farm |
| 24:36 | Construir | Farm |
| 24:39 | Crear | Villager (Male) |
| 24:54 | Construir | House |
| 25:01 | Crear | Villager (Male) |
| 25:07 | Investigar | Bloodlines |
| 25:18 | Construir | Farm |
| 25:19 | Construir | Farm |
| 25:19 | Construir | Farm |
| 25:20 | Construir | Farm |
| 25:23 | Crear | Villager (Male) |
| 25:29 | Crear | Knight |
| 25:31 | Construir | House |
| 25:32 | Crear | Villager (Male) |
| 25:34 | Crear | Knight |
| 25:36 | Crear | Villager (Male) |
| 25:38 | Construir | Farm |
| 25:49 | Crear | Knight |
Cronología de la partida
| 7:00 | Enda · first_building Barracks |
| 7:39 | Perro_Muchachev · wall_segment Palisade Wall x6 |
| 9:17 | Enda · age_up feudal |
| 9:23 | Perro_Muchachev · wall_segment Palisade Wall x11 |
| 9:33 | Perro_Muchachev · wall_segment Palisade Wall x4 |
| 9:35 | Perro_Muchachev · wall_segment Palisade Wall x7 |
| 10:04 | Perro_Muchachev · wall_segment Palisade Wall x4 |
| 10:31 | Perro_Muchachev · age_up feudal |
| 12:05 | Perro_Muchachev · wall_segment Stone Wall x1 |
| 12:09 | Perro_Muchachev · wall_segment Stone Wall x1 |
| 12:30 | Perro_Muchachev · wall_segment Stone Wall x1 |
| 12:37 | Perro_Muchachev · wall_segment Stone Wall x1 |
| 12:40 | Perro_Muchachev · wall_segment Stone Wall x1 |
| 12:52 | Perro_Muchachev · wall_segment Palisade Wall x1 |
| 13:07 | Perro_Muchachev · first_market_sell 100 stone |
| 13:14 | Perro_Muchachev · wall_segment Stone Wall x1 |
| 13:17 | Perro_Muchachev · wall_segment Stone Wall x1 |
| 13:20 | Perro_Muchachev · wall_segment Stone Wall x1 |
| 13:40 | Perro_Muchachev · wall_segment Stone Wall x11 |
| 14:57 | Perro_Muchachev · wall_segment Stone Wall x1 |
| 15:06 | Perro_Muchachev · wall_segment Stone Wall x1 |
| 16:59 | Perro_Muchachev · age_up castle |
| 18:03 | Enda · first_market_buy 100 food |
| 18:40 | Enda · first_building Stable |
| 19:58 | Perro_Muchachev · first_building Castle |
| 20:47 | Enda · age_up castle |
| 21:06 | Enda · first_building Monastery |
| 22:04 | Enda · first_building Siege Workshop |
| 23:54 | Perro_Muchachev · wall_segment Stone Wall x1 |
| 25:32 | Perro_Muchachev · first_building Siege Workshop |
| 27:18 | Perro_Muchachev · first_building Monastery |
| 30:06 | Perro_Muchachev · first_market_buy 100 stone |
| 32:51 | Perro_Muchachev · resign |
[ ANÁLISIS IA · 1 CRÉDITO ]
¿Qué pasó realmente en esta partida?
Wolo.gg analiza cada decisión: build order, eco, micro, errores típicos por bracket. Análisis personalizado por WhatsApp o Discord en 30 segundos.
Guía civ
Maya
Perfil
Perro_Muchachev